 Dungeon Crawl Stone Soup version 0.31-a0-981-geadf994542 (webtiles) character file.

Game seed: 13140664166620480100

109 FakeRyeBread the Shield-Bearer (level 4, 0/29 HPs)
             Began as a Gargoyle Fighter on Nov 1, 2023.
             Slain by a cerulean imp
             ... wielding a +0 spear
             ... summoned by Natasha
              (2 damage)
             ... on level 2 of the Dungeon.
             The game lasted 00:03:11 (1305 turns).

FakeRyeBread the Shield-Bearer (Gargoyle Fighter)   Turns: 1305, Time: 00:03:11

Health: 0/29       AC: 13    Str: 21    XL:     4   Next: 90%
Magic:  0/4        EV:  7    Int:  9    God:
Gold:   101        SH:  4    Dex:  9    Spells: 3/3 levels left

rFire   . . .        a - +0 flail
rCold   . . .        c - +0 buckler
rNeg    + . .        g - +0 chain mail
rPois   ∞            (no helmet)
rElec   +            (no cloak)
rCorr   .            (no gloves)
SInv    .            (no boots)
Will    .....        e - amulet of guardian spirit Stlth
                     (no ring)
HPRegen 0.24/turn    (no ring)
MPRegen 0.09/turn

%: guardian spirit
@: very slow
A: sickness immunity, AC +3, negative energy resistance 1, electricity
resistance, torment resistance 1, petrification resistance
a: no special abilities


You were on level 2 of the Dungeon.
You visited 1 branch of the dungeon, and saw 2 of its levels.

You collected 101 gold pieces.

Inventory:

Hand Weapons
 a - a +0 flail (weapon)
Armour
 c - a +0 buckler (worn)
 g - a +0 chain mail (worn)
Jewellery
 e - an amulet of guardian spirit (around neck)
Scrolls
 f - 2 scrolls of teleportation {unknown}
 h - a scroll of vulnerability {unknown}
 i - a scroll of brand weapon {unknown}
Potions
 b - 2 potions of curing {unknown}
 d - a potion of might
 j - a potion of attraction {unknown}


   Skills:
 + Level 4.0 Fighting
 * Level 3.3 Maces & Flails
 + Level 3.9 Armour
 + Level 4.0 Shields


You had 3 spell levels left.
You didn't know any spells.
Your spell library contained the following spells:

 Spells                   Type           Power      Damage    Failure   Level
 Wereblood                Tmut           0%         N/A       99%         2
 Irradiate                Conj/Tmut      0%         3d11      100%        5


Dungeon Overview and Level Annotations

Branches:
Dungeon (2/15)

Altars:

Shops:
D:1 [

Annotations:
D:2 Natasha


Innate Abilities, Weirdness & Mutations

You are immune to sickness and miasma.
Your stone body is resilient. (AC +3)
You are immune to poison.
You resist negative energy. (rN+)
You are resistant to electric shocks. (rElec)
You are resistant to unholy torment.
You are immune to petrification.


Message History

Natasha is severely wounded.
The cerulean imp completely misses you. You block the cerulean imp's attack.
Natasha claws you but does no damage.
The cerulean imp hits you but does no damage.
You block the cerulean imp's attack.
You closely miss Natasha.
Natasha is severely wounded.
Natasha mewls in sadness.
Natasha mumbles some strange words.
The cerulean imp completely misses you. You block the cerulean imp's attack.
Your unstable footing causes you to fumble your attack.
Natasha claws you but does no damage.
The cerulean imp hits you but does no damage. x2
The cerulean imp hits you with a +0 spear.
Natasha stares at you and mumbles some strange words.
The magic dart hits you.
You closely miss Natasha.
Natasha is severely wounded.
The cerulean imp hits you from afar with a +0 spear.
The cerulean imp hits you but does no damage. x2
Natasha stares at you and mumbles some strange words.
The magic dart hits you.
You barely miss Natasha.
Natasha is severely wounded.
The cerulean imp hits you but does no damage.
The cerulean imp hits you from afar with a +2 spear.
* * * LOW HITPOINT WARNING * * *
The cerulean imp completely misses you. Natasha barely misses you.
The cerulean imp hits you from afar with a +0 spear.
* * * LOW HITPOINT WARNING * * *
The cerulean imp hits you but does no damage.
Your unstable footing causes you to fumble your attack.
The cerulean imp hits you but does no damage.
Natasha mumbles some strange words.
Natasha shimmers violently.
Natasha casts a spell at you.
The magic dart hits you but does no damage.
The cerulean imp hits you but does no damage.
The cerulean imp hits you from afar with a +0 spear.
You die...

# #..#.....≈..#.#...## ##...## #
#..###≈≈≈≈###.####.## ##..#.##
####..# ##.### #.# ##.###.#.#.##
'.....###...####.######.#.##.....
....>....................#####.##
#########...########.##### #...
##~~≈#######..# ####
#..≈~55~~....# #..[~5h@~~~###
#.#######~~~# #.# ##≈## #.# ###


You could see Natasha and 3 cerulean imps.

Vanquished Creatures
  Natasha (twice) (D:2)
  2 adders (D:2)
  3 ball pythons
  3 bats
  4 endoplasms
  2 giant cockroaches (D:1)
  2 goblins (D:1)
  4 hobgoblins
  A quokka (D:2)
  4 frilled lizards
  4 kobolds
  9 rats
40 creatures vanquished.

Notes
Turn   | Place    | Note
-------+----------+-------------------------------------------
     0 | D:1      | FakeRyeBread the Gargoyle Fighter began the quest for the
                  | Orb.
     0 | D:1      | Reached XP level 1. HP: 14/14 MP: 1/1
   234 | D:1      | Reached XP level 2. HP: 17/19 MP: 2/2
   396 | D:1      | Found a faded altar of an unknown god.
   513 | D:1      | Reached XP level 3. HP: 23/23 MP: 3/3
   623 | D:1      | Found Tichonol's Armour Emporium.
   723 | D:2      | Noticed Natasha
   737 | D:2      | Killed Natasha
   739 | D:2      | Reached XP level 4. HP: 13/29 MP: 1/4
  1211 | D:2      | Noticed Natasha
  1234 | D:2      | Killed Natasha
  1290 | D:2      | Noticed Natasha
  1305 | D:2      | Slain by a cerulean imp

Illustrated notes

Levels and vault maps discovered:
D:1:      lemuel_arrival_behind_the_door_small, layout_rooms,
          shapermc_ecumenical_altar_hornbeckon, serial_shops, shop,
          minmay_tromino_i4
D:2:      layout_loops_ring, serial_rivers, chequers_serial_rivers_micro_d,
          chequers_serial_rivers_room_a, chequers_serial_rivers_large_b,
          chequers_serial_rivers_small_a, chequers_serial_rivers_micro_d,
          uniq_natasha

Skill      XL: |  1  2  3  4 |
---------------+-------------+-----
Maces & Flails | 3 |  3.3
Fighting       | 4 |  4.0
Shields        | 4 |  4.0
Armour         | |  3.9

Action                     |  1- 3 |  4- 6 || total
---------------------------+-------+-------++-------
  Melee: Flail             |   116 |    87 ||   203
 Armour: Scale mail        |    31 |       ||    31
         Chain mail        |    79 |    87 ||   166
  Dodge: Dodged            |    61 |    41 ||   102
  Block: Buckler           |    24 |    27 ||    51

Table legend: (Time is in decaauts)
 A = Elapsed time spent in this place.
 B = Non-inter-level travel time spent in this place.
 C = Inter-level travel time spent in this place.
 D = Time resting spent in this place.
 E = Time spent auto-exploring this place.
 F = Levels seen in this place.
 G = Mean time per level.
                   A        B        C        D        E       F      G
               +--------+--------+--------+--------+--------+-----+--------+
         Total |   1418 |   1363 |     55 |     65 |    831 |   2 |  709.0 |
       Dungeon |   1418 |   1363 |     55 |     65 |    831 |   2 |  709.0 |
               +--------+--------+--------+--------+--------+-----+--------+

Top non-repeatable levels by time:
     D:1: 718 daAuts
     D:2: 700 daAuts
